 Dungeon Crawl Stone Soup version 0.26-a0-651-gb41185065b (webtiles) character file.

Game seed: 10676449111371282547

193 Quinzzz the Poker (level 5, 0/42 HPs)
             Began as a Merfolk Berserker on Oct 31, 2020.
             Was a Follower of Trog.
             Succumbed to an adder's poison
             ... on level 4 of the Dungeon.
             The game lasted 00:07:40 (4717 turns).

Quinzzz the Poker (Merfolk Berserker)               Turns: 4717, Time: 00:07:40

Health: 0/42       AC:  6    Str: 19    XL:     5   Next: 72%
Magic:  5/5        EV: 11    Int:  6    God:    Trog [*.....]
Gold:   217        SH:  0    Dex: 13    Spells: 4/4 levels left

rFire    . . .     SeeInvis .   a - +0 spear
rCold    . . .     Faith    .   (no shield)
rNeg     . . .     Spirit   .   g - +0 scale mail
rPois    .         Reflect  .   (no helmet)
rElec    .         Harm     .   (no cloak)
rCorr    .         Rampage  .   (no gloves)
MR       .....                  (no boots)
Stlth    ..........             (no amulet)
HPRegen  0.14/turn              (no ring)
MPRegen  0.09/turn              (no ring)

@: lethally poisoned (0 -> -5)
A: change form in water, swift swim, stealthy swim
a: Berserk, Renounce Religion


You were on level 4 of the Dungeon.
You worshipped Trog.
Trog was aware of your devotion.
You visited 1 branch of the dungeon, and saw 4 of its levels.

You collected 217 gold pieces.

Inventory:

Hand Weapons
 a - a +0 spear (weapon)
 k - a +0 falchion
Armour
 b - a +0 animal skin
 g - a +0 scale mail (worn)
Wands
 i - a wand of flame (17)
Scrolls
 d - 3 scrolls of fear {unknown}
 e - 2 scrolls of teleportation
 h - a scroll of blinking {unknown}
 j - 3 scrolls of remove curse {unknown}
 l - a scroll of magic mapping {unknown}
 m - a scroll of fog {unknown}
Potions
 c - 2 potions of might
 f - a potion of magic


   Skills:
 + Level 4.1 Fighting
 + Level 6.6 Polearms
 + Level 2.4 Armour
 + Level 3.3 Dodging
 + Level 1.4 Stealth


You had 4 spell levels left.
You didn't know any spells.
Your spell library was empty.

Dungeon Overview and Level Annotations

Branches:
Dungeon (4/15)
 Temple: D:4-7

Altars:


Message History

You see here 7 boomerangs.
You feel sick. The adder closely misses you.
You feel sick. The worker ant misses you. The worker ant closely misses you.
You feel sick. The adder closely misses you.
You feel sick.
You feel sick. The adder closely misses you.
There is a stone staircase leading down here.
The adder barely misses you.
You feel sick. The adder closely misses you.
You feel sick. The adder bites you.
* * * LOW HITPOINT WARNING * * *
You feel sick.
You feel sick. The adder barely misses you.
You feel sick. The adder bites you.
* * * LOW HITPOINT WARNING * * *
You are more poisoned.
The adder poisons you! The adder bites you but does no damage.
You die...

######### #####
######...@.Sa#
#...#
##......#####.#
#.#.###>..#####
##.# #.#.......#
#..# <.#.......#
#.## #####
######.#### #w#
##...#####
#....# #.#
##.........
#.####
####.####....##
. #
#....>..#(....##
..


You could see a worker ant and an adder.

Vanquished Creatures
  A phantom (D:3)
  An iguana (D:3)
  A worker ant (D:4)
  2 adders
  2 worms
  2 dart slugs
  2 giant cockroaches
  A goblin (D:3)
  7 hobgoblins
  2 jackals (D:2)
  6 kobolds
  A ball python skeleton (D:4)
  A bat (D:3)
  2 frilled lizards
  3 rats
34 creatures vanquished.

Vanquished Creatures (others)
  5 fungi (D:3)
  4 toadstools (D:3)
9 creatures vanquished.

Grand Total: 43 creatures vanquished

Notes
Turn   | Place    | Note
-------+----------+-------------------------------------------
     0 | D:1      | Quinzzz the Merfolk Berserker began the quest for the Orb.
     0 | D:1      | Reached XP level 1. HP: 18/18 MP: 1/1
   894 | D:1      | Reached XP level 2. HP: 24/24 MP: 2/2
  2899 | D:2      | Reached XP level 3. HP: 21/30 MP: 3/3
  3076 | D:2      | Reached skill level 5 in Polearms
  3423 | D:3      | Reached skill level 1 in Stealth
  3697 | D:3      | Noticed a phantom
  3739 | D:3      | Killed a phantom
  3739 | D:3      | Reached skill level 6 in Polearms
  3739 | D:3      | Reached XP level 4. HP: 16/37 MP: 4/4
  3739 | D:3      | Reached XP level 5. HP: 19/42 MP: 5/5
  4251 | D:3      | HP: 2/42 [poisoned by a kobold]
  4715 | D:4      | HP: 1/42 [adder (4)]
  4717 | D:4      | Succumbed to an adder's poison

Illustrated notes

Levels and vault maps discovered:
D:1:      kennysheep_arrival_seaside, layout_basic, minmay_misc_feat_rows
D:2:      layout_loops_ring
D:3:      layout_loops_ring, kennysheep_decorative_pillar,
          minmay_misc_feat_plants, minmay_gold_behind_fungi,
          nrook_mini_backslash
D:4:      layout_loops_cross, nemelex_xobeh_ov_fountains_minmay, serial_shops,
          nicolae_shop_waterfront, hangedman_feature_mirror, minmay_circle_x

Skill      XL: |  1  2  3 |
---------------+----------+-----
Dodging        | 3 |  3.3
Polearms       | 6 |  6.6
Stealth        | 1 |  1.4
Fighting       | 4 |  4.1
Armour         | 2 |  2.4

Action                   |  1- 3 |  4- 6 || total
-------------------------+-------+-------++-------
Melee: Spear             |   134 |    63 ||   197
  Use: Scroll            |     3 |       ||     3
       Potion            |       |     3 ||     3
 Stab: Sleeping          |     1 |       ||     1
Armor: Animal skin       |     2 |       ||     2
       Scale mail        |    23 |    30 ||    53
Dodge: Dodged            |    55 |    48 ||   103

Table legend: (Time is in decaauts)
 A = Elapsed time spent in this place.
 B = Non-inter-level travel time spent in this place.
 C = Inter-level travel time spent in this place.
 D = Time resting spent in this place.
 E = Time spent auto-exploring this place.
 F = Levels seen in this place.
 G = Mean time per level.
                   A        B        C        D        E       F      G
               +--------+--------+--------+--------+--------+-----+--------+
         Total |   4658 |   4658 |      0 |   1370 |   2483 |   4 | 1164.5 |
       Dungeon |   4658 |   4658 |      0 |   1370 |   2483 |   4 | 1164.5 |
               +--------+--------+--------+--------+--------+-----+--------+

Top non-repeatable levels by time:
     D:1: 2546 daAuts
     D:3: 1213 daAuts
     D:2: 809 daAuts
     D:4: 89 daAuts
